 Dungeon Crawl Stone Soup version 0.20-a0-1062-g7b787ac (webtiles) character file.

205 Gorglomux the Cleaver (level 5, -7/45 HPs)
             Began as a Hill Orc Monk on Apr 27, 2017.
             Was a Believer of Uskayaw.
             Mangled by an ogre
             ... wielding a +0 giant club
              (21 damage)
             ... on level 4 of the Dungeon.
             The game lasted 00:04:24 (3987 turns).

Gorglomux the Cleaver (Hill Orc Monk)               Turns: 3987, Time: 00:04:24

Health: -7/45      AC:  7    Str: 15    XL:     5   Next: 83%
Magic:  5/5        EV: 11    Int: 10    God:    Uskayaw [**....]
Gold:   190        SH:  0    Dex: 13    Spells: 4/4 levels left

rFire    + . .     SeeInvis .   a - +0 hand axe
rCold    . . .     Gourm    .   (no shield)
rNeg     . . .     Faith    +   m - +0 ring mail
rPois    .         Spirit   .   (no helmet)
rElec    .         Reflect  .   r - +0 cloak
rCorr    .         Harm     .   t - +0 pair of gloves
MR       .....                  (no boots)
Stlth    +.........             g - amulet of faith {Faith, !P}
Regen    0.2/turn               n - ring of protection from fire {rF+, !d}
MPRegen  0.1/turn               (no ring)

@: no status effects
A: no striking features
a: Stomp, Line Pass, Renounce Religion


You were on level 4 of the Dungeon.
You worshipped Uskayaw.
Uskayaw was noncommittal.
You were not hungry.

You visited 1 branch of the dungeon, and saw 4 of its levels.

You collected 190 gold pieces.

Inventory:

Hand Weapons
 a - a +0 hand axe (weapon)
 v - a +0 blowgun
   (You took it off a kobold on level 3 of the Dungeon)
Missiles
 o - 3 curare-tipped needles
 w - 7 poisoned needles
Armour
 m - a +0 ring mail (worn)
   (You found it on level 2 of the Dungeon)
 r - a +0 cloak (worn)
   (You took it off Crazy Yiuf on level 2 of the Dungeon)
 t - a +0 pair of gloves (worn)
   (You found it on level 3 of the Dungeon)
Jewellery
 g - an amulet of faith (around neck) {Faith, !P}
   (You found it on level 1 of the Dungeon)
 n - a ring of protection from fire (left hand) {rF+, !d}
   (You found it on level 2 of the Dungeon)
Scrolls
 b - a scroll of enchant armour {unknown}
 d - 2 scrolls of remove curse {unknown}
 j - a scroll of fog {unknown}
 l - 2 scrolls of identify {unknown}
 u - 2 scrolls of magic mapping {unknown}
 y - a scroll of fear {unknown}
Potions
 e - 2 potions of invisibility {unknown}
 i - a potion of magic {unknown}
 p - 3 potions of flight {unknown}
 q - a potion of cancellation {unknown}
 x - a potion of brilliance {unknown}
 z - a potion of agility
Comestibles
 c - 3 bread rations {@e1@e1}
 f - 3 meat rations {@e2@e2}
 h - 2 fruits
 k - a royal jelly


   Skills:
 - Level 3.6 Fighting
 + Level 8.3 Axes
 - Level 2.4 Dodging
 - Level 1.5 Stealth


You had 4 spell levels left.
You didn't know any spells.

Dungeon Overview and Level Annotations

Branches:
Dungeon (4/15)
 Temple: D:4-7

Altars:
Elyvilon
Hepliaklqana
Trog
Uskayaw
Xom


Message History

The hound skeleton bites you but does no damage.
The hound skeleton bites you.
You take 1 damage, and have 40/45 hp.
You hit the hound skeleton. The hound skeleton bites you.
You take 1 damage, and have 39/45 hp.
You hit the hound skeleton. The hound skeleton barely misses you.
A hound skeleton is nearby!
A hound skeleton is nearby!
You hit the hound skeleton but do no damage.
The hound skeleton closely misses you.
You completely miss the hound skeleton.
The hound skeleton completely misses you.
You hit the hound skeleton. The hound skeleton bites you.
You can now pass through a line of other dancers.
You take 1 damage, and have 38/45 hp.
You hit the hound skeleton.
You destroy the hound skeleton!
Unknown command.
p - 2 silvery potions (gained 1)
You can no longer pass through a line of other dancers.
z - a potion of agility A leopard gecko skeleton comes into view.
You regained 3 hp, and now have 42/45 hp.
Unknown command.
A leopard gecko skeleton is nearby!
Unknown command.
A leopard gecko skeleton is nearby!
Unknown command.
A leopard gecko skeleton is nearby!
Unknown command.
A leopard gecko skeleton is nearby!
No target in view!
No target in view!
No target in view!
No target in view!
No target in view!
The leopard gecko skeleton is too close now for your liking.
The leopard gecko skeleton closely misses you.
Found 7 gold pieces.
Found a stone staircase leading down.
You hit the leopard gecko skeleton.
The leopard gecko skeleton closely misses you.
You slash the leopard gecko skeleton!
You destroy the leopard gecko skeleton!
Unknown command.
No target in view!
No target in view!
All of the chunks of flesh in your inventory have rotted away.
You now have 183 gold pieces (gained 7).
A ball python comes into view.
A ball python is nearby!
A ball python is nearby!
Health restored: 45 The ball python bites you.
The ball python grabs you. The ball python constricts you.
You take 1 damage, and have 44/45 hp.
You hit the ball python but do no damage.
The ball python bites you but does no damage.
The ball python constricts you.
You take 1 damage, and have 43/45 hp.
Unknown command.
You hit the ball python. The ball python misses you.
The ball python constricts you.
Unknown command.
You hit the ball python.
You kill the ball python!
No target in view!
No target in view!
No target in view!
u - 2 scrolls labeled LUVOEW REIZ (gained 1)
You now have 190 gold pieces (gained 7).
Found a stone staircase leading down.
Health restored: 45 No target in view!
p - 3 silvery potions (gained 1)
An ogre comes into view. It is wielding a giant club.
The ogre shouts!
An ogre is nearby!
An ogre is nearby!
Okay, then.
You aren't carrying any items that you can evoke.
Unknown command.
You swing at nothing.
You swing at nothing.
You swing at nothing.
You swing at nothing.
You hit the ogre. The ogre barely misses you.
You hit the ogre. The ogre hits you with a giant club!
You take 7 damage, and have 38/45 hp.
You hit the ogre.
You can now pass through a line of other dancers.
You barely miss the ogre. The ogre hits you with a giant club!
You take 16 damage, and have 23/45 hp.
MASSIVE DAMAGE!!
You hit the ogre. The ogre hits you with a giant club!
You take 9 damage, and have 14/45 hp.
Unknown command.
You hit the ogre. You hit the ogre but do no damage.
The ogre hits you with a giant club!!
You die...

## #.......#...#
.######.........#.#
....##........#.#.#
###..#.......##.#.#####
###.#.......##........
##..........##........#
#..#...#.......##.#####
..#..........##..>...#
###...######.##.@....#
# #...# #.....O...#
...##.## ###.##......(
##.....#######..
.......
####............
....... #....###..#####
#..(... ...#..........#
...... #.............#
...... ...#.....[....#


You could see an ogre.

Vanquished Creatures
  An orc wizard (D:3)
  Crazy Yiuf (D:2)
  A hound skeleton (D:4)
  3 adders
  An ooze (D:3)
  4 worms
  A dart slug (D:3)
  4 leopard geckos
  3 orcs (D:3)
  4 bats
  5 giant cockroaches
  10 hobgoblins
  14 jackals
  3 quokkas
  3 ball pythons
  3 frilled lizards
  2 goblins
  7 kobolds
  A leopard gecko skeleton (D:4)
  8 rats
79 creatures vanquished.

Notes
Turn   | Place    | Note
-------+----------+-------------------------------------------
     0 | D:1      | Gorglomux the Hill Orc Monk began the quest for the Orb.
     0 | D:1      | Reached XP level 1. HP: 19/19 MP: 1/1
    19 | D:1      | Reached XP level 2. HP: 8/26 MP: 2/2
   617 | D:1      | Reached skill level 5 in Axes
   860 | D:1      | Reached XP level 3. HP: 14/31 MP: 3/3
  1089 | D:2      | Found a hide-covered altar of Uskayaw.
  1093 | D:2      | Found a hazy altar of Hepliaklqana.
  1109 | D:2      | HP: 7/31 [jackal (2)]
  1114 | D:2      | HP: 5/31 [jackal (1)]
  1369 | D:2      | Became a worshipper of Uskayaw the Reveler
  1369 | D:2      | Reached * piety under Uskayaw
  1426 | D:2      | Reached ** piety under Uskayaw
  1430 | D:2      | Reached skill level 6 in Axes
  1745 | D:2      | Reached XP level 4. HP: 19/39 MP: 4/4
  2063 | D:2      | Found a shimmering altar of Xom.
  2101 | D:2      | Found a runed door.
  2342 | D:2      | Noticed a moth of wrath
  2345 | D:2      | Found a bloodstained altar of Trog.
  2370 | D:2      | Reached *** piety under Uskayaw
  2378 | D:2      | Reached **** piety under Uskayaw
  2756 | D:2      | Noticed Crazy Yiuf
  2766 | D:2      | Killed Crazy Yiuf
  2766 | D:2      | Reached skill level 7 in Axes
  2766 | D:2      | Reached XP level 5. HP: 12/45 MP: 0/5
  2790 | D:2      | HP: 11/45 [poisoned by Crazy Yiuf]
  2798 | D:2      | HP: 10/45 [poisoned by Crazy Yiuf]
  3191 | D:3      | Found a white marble altar of Elyvilon.
  3354 | D:3      | Reached ***** piety under Uskayaw
  3355 | D:3      | HP: 10/45 [orc wizard/puff of flame (2)]
  3356 | D:3      | Reached skill level 8 in Axes
  3726 | D:3      | Found a faded altar of an unknown god.
  3975 | D:4      | Noticed an ogre
  3987 | D:4      | Mangled by an ogre

Vault maps used:
D:1:      eino_arrival_water_cross
D:2:      tgw_trog, nicolae_overflow_hidden_temple, grunt_temple_overflow_open,
          kennysheep_generic_room_11, uniq_crazy_yiuf_cottage
D:3:      elyvilon_altar_5, first_bread, chequers_ecumenical_altar_twisty
D:4:      nemelex_spade_bored_becter

Skill      XL: |  1  2  3  4  5 |
---------------+----------------+-----
Axes           | 5 6 7 8 |  8.3
Fighting       | |  3.6
Dodging        | |  2.4
Stealth        | |  1.5

Action                   |  1- 3 |  4- 6 || total
-------------------------+-------+-------++-------
Melee: Hand axe          |   118 |   168 ||   286
Invok: Stomp             |       |     1 ||     1
       Line Pass         |       |     1 ||     1
 Stab: Sleeping          |     3 |       ||     3
       Paralysed         |       |     4 ||     4
       Confused          |       |     1 ||     1
  Eat: Chunk             |     3 |     7 ||    10
Armor: Robe              |    30 |     2 ||    32
       Ring mail         |       |    64 ||    64
Dodge: Dodged            |   121 |    89 ||   210

Vault maps used:
D:1:      eino_arrival_water_cross
D:2:      tgw_trog, nicolae_overflow_hidden_temple, grunt_temple_overflow_open,
          kennysheep_generic_room_11, uniq_crazy_yiuf_cottage
D:3:      elyvilon_altar_5, first_bread, chequers_ecumenical_altar_twisty
D:4:      nemelex_spade_bored_becter

Table legend:
 A = Turns spent in this place as a percentage of turns spent in the entire game.
 B = Non-inter-level travel turns spent in this place as a percentage of non-inter-level travel turns spent in the entire game.
 C = Inter-level travel turns spent in this place as a percentage of turns spent in this place.
 D = Turns resting spent in this place as a percentage of non-inter-level travel turns spent in this place.
 E = Turns spent auto-exploring this place as a percentage of non-inter-level travel turns spent in this place.
 F = Non-inter-level travel turns spent in this place divided by the number of levels of this place that you've seen.
                   A       B       C       D       E      F
               +-------+-------+-------+-------+-------+----------------------
         Total | 100.0 | 100.0 |   0.6 |   2.7 |   8.7 | 242.0
       Dungeon | 100.0 | 100.0 |   0.6 |   2.7 |   8.7 | 242.0
               +-------+-------+-------+-------+-------+----------------------

Table legend:
 A = Kills in this place as a percentage of kills in entire the game.
 B = Kills by you in this place as a percentage of kills by you in the entire game.
 C = Kills by friends in this place as a percentage of kills by friends in the entire game.
 D = Other kills in this place as a percentage of other kills in the entire game.
 E = Experience gained in this place as a percentage of experience gained in the entire game.
 F = Experience gained in this place divided by the number of levels of this place that you have seen.
                   A       B       C       D       E      F
               +-------+-------+-------+-------+-------+----------------------
         Total | 100.0 | 100.0 |  -nan |  -nan | 100.0 |  73.5
       Dungeon | 100.0 | 100.0 |  -nan |  -nan | 100.0 |  73.5
               +-------+-------+-------+-------+-------+----------------------
